AoeStats
← 17_Neo_

Arena

507179126Analyzed
4v4 RM · 15d ago on Sep 17, 2026· 39m 8s· 8 players
Game mode
Random Map
Map size
Large (8 player)
Population
200
Speed
Normal
Resources
Standard
Victory
Conquest
Starting age
Dark Age
Ending age
Imperial Age
RankedLock teamsTeams togetherTeam positionsShared explorationLock speedFull tech treeHidden civsTurbo modeCheats
Victory
Defeat
🇨🇴 Khmer · Colombia
1395
+14
🇲🇽 Mongols · Mexico
1376
+15
🇭🇰 Teutons · Hong Kong SAR China
1375
+15
🇺🇸 Italians · United States
1331
+17
🇨🇴 Maya · Colombia
1413
-17
🇨🇴 Bohemians · Colombia
1380
-16
🇨🇴 Teutons · Colombia
1377
-16
🇨🇴 Celts · Colombia
1269
-12
17_Neo_
0:27 Loom
11:10 Feudal Age
11:50 Horse Collar
15:03 Castle Age
12:50 Double-Bit Axe
14:15 Fletching
21:21 Bow Saw
22:21 Wheelbarrow
22:06 Heavy Plow
29:20 Imperial Age
26:54 Gold Mining
26:54 Stone Mining
27:40 Hand Cart
27:29 Elite Skirmisher
27:31 Pikeman
28:11 Squires
28:54 Bodkin Arrow
29:00 Padded Archer Armor
29:11 Forging
29:01 Scale Mail Armor
29:25 Thumb Ring
29:48 Hul'che Javelineers
29:58 Halberdier
31:19 Bracer
33:36 Leather Archer Armor
34:51 Chemistry
34:12 Ballistics
35:30 Ring Archer Armor
35:16 Chain Mail Armor
Logan
11:34 Feudal Age
13:06 Wheelbarrow
16:28 Castle Age
15:04 Double-Bit Axe
24:35 Loom
36:03 Imperial Age
34:44 Bow Saw
Mhao
7:33 Loom
14:06 Feudal Age
15:07 Town Watch
18:10 Wheelbarrow
29:47 Castle Age
27:45 Gold Mining
27:45 Stone Mining
28:08 Double-Bit Axe
28:09 Horse Collar
28:43 Stone Mining
30:46 Hand Cart
31:34 Scale Mail Armor
31:44 Forging
32:08 Bow Saw
31:59 Heavy Plow
34:02 Chain Mail Armor
33:09 Pikeman
34:32 Gambesons
36:01 Town Patrol
RAGNAROK
12:43 Feudal Age
14:23 Wheelbarrow
14:23 Horse Collar
17:06 Castle Age
14:57 Double-Bit Axe
16:38 Scale Barding Armor
16:47 Bloodlines
23:42 Forging
25:40 Chain Barding Armor
25:55 Gold Mining
29:51 Iron Casting
38:08 Imperial Age
35:03 Pikeman
35:44 Squires
35:55 Scale Mail Armor
37:38 Chain Mail Armor
37:44 Bow Saw
38:14 Halberdier
Hugh Jayniss
2:07 Loom
6:04 Loom
8:15 Feudal Age
12:38 Town Watch
16:13 Double-Bit Axe
17:24 Horse Collar
36:57 Castle Age
37:56 Bow Saw
37:50 Heavy Plow
38:38 Wheelbarrow
HK El Primo
11:03 Feudal Age
12:10 Double-Bit Axe
14:56 Castle Age
12:55 Horse Collar
16:05 Heavy Plow
16:15 Bow Saw
27:23 Imperial Age
24:52 Loom
27:38 Ballistics
27:39 Capped Ram
28:52 Heavy Camel Rider
30:14 Forging
31:11 Husbandry
31:22 Bloodlines
31:58 Heavy Scorpion
34:07 Iron Casting
33:38 Scale Barding Armor
34:28 Light Cavalry
38:51 Chemistry
37:42 Hussar
Crawsack
10:38 Feudal Age
14:22 Castle Age
12:58 Double-Bit Axe
13:18 Horse Collar
16:27 Bow Saw
19:27 Wheelbarrow
21:01 Loom
21:03 Town Watch
22:08 Heavy Plow
22:05 Gold Mining
22:55 Fervor
23:18 Stone Mining
24:28 Hand Cart
25:53 Stone Shaft Mining
29:15 Imperial Age
26:38 Fletching
27:17 Bodkin Arrow
27:23 Padded Archer Armor
27:45 Ballistics
28:39 Thumb Ring
28:32 Treadmill Crane
29:03 Masonry
28:51 Murder Holes
29:55 Leather Archer Armor
30:22 Bracer
31:24 Chemistry
31:38 Two-Man Saw
31:15 Crop Rotation
31:41 Conscription
32:22 Elite Genoese Crossbowman
33:33 Ring Archer Armor
34:30 Scale Mail Armor
34:41 Forging
36:24 Chain Mail Armor
36:46 Iron Casting
37:18 Hoardings
37:14 Architecture
37:47 Plate Mail Armor
37:20 Squires
39:29 Silk Road
Aztart
11:00 Feudal Age
14:05 Castle Age
12:20 Double-Bit Axe
12:22 Horse Collar
23:32 Bloodlines
24:29 Wheelbarrow
24:06 Bow Saw
24:03 Heavy Plow
26:51 Loom
27:37 Scale Barding Armor
28:40 Forging
29:42 Chain Barding Armor
30:26 Husbandry
32:01 Iron Casting
35:58 Imperial Age
35:56 Fletching
37:33 Plate Barding Armor
36:19 Cavalier
37:25 Conscription
38:20 Blast Furnace
38:57 Crossbowman
Connection lost

Rejoining the realm…

Still unreachable

The connection could not be restored.

Session expired

The server has moved on; the page needs a fresh start.